 Dungeon Crawl Stone Soup version 0.32-a0-43-g058985b245 (webtiles) character file.

Game seed: 8871344428587921877

128 Ceno the Cudgeller (level 4, 0/37 HPs)
             Began as an Armataur Warper on Feb 3, 2024.
             Slain by an orc wizard
             ... wielding a +0 dagger
              (2 damage)
             ... on level 5 of the Dungeon.
             The game lasted 00:05:01 (2021 turns).

Ceno the Cudgeller (Armataur Warper)                Turns: 2021, Time: 00:05:02

Health: 0/37       AC:  4    Str: 18    XL:     4   Next: 86%
Magic:  6/6        EV:  9    Int: 13    God:
Gold:   46         SH:  0    Dex: 10    Spells: 4/6 levels left

rFire   . . .        l - +0 flail
rCold   . . .        (no shield)
rNeg    . . .        k - +0 leather armour {rPois}
rPois   +            (no helmet)
rElec   .            (no cloak)
rCorr   .            (no gloves)
SInv    .            (no barding)
Will    .....        (no amulet) Stlth
                     (no ring)
HPRegen 0.26/turn    (no ring)
MPRegen 0.76/turn

%: roll
@: confused
A: large, deformed body, tough skin 3, armoured tail, roll 1
a: no special abilities


You were on level 5 of the Dungeon.
You visited 1 branch of the dungeon, and saw 5 of its levels.

You collected 46 gold pieces.

Inventory:

Hand Weapons
 l - a +0 flail (weapon)
Missiles
 d - 7 darts of dispersal (quivered)
 e - 16 stones
Armour
 k - a +0 leather armour of poison resistance (worn)
Scrolls
 f - 2 scrolls of enchant weapon {unknown}
 g - 3 scrolls of teleportation {unknown}
Potions
 b - a potion of mutation {unknown}
 h - 2 potions of curing {unknown}
 i - a potion of ambrosia {unknown}
 j - a potion of degeneration {unknown}


   Skills:
 + Level 2.6 Fighting
 * Level 3.5 Maces & Flails
 - Level 0.8 Throwing
 + Level 3.0 Armour
 - Level 1.3 Dodging
 - Level 1.7 Spellcasting
 - Level 3.0 Translocations


You had 4 spell levels left.
You knew the following spells:

 Your Spells              Type           Power      Damage    Failure   Level
a - Blink                 Tloc           16%        N/A       14%         2

Your spell library contained the following spells:

 Spells                   Type           Power      Damage    Failure   Level
 Lesser Beckoning         Tloc           16%        N/A       14%         2
 Momentum Strike          Conj/Tloc      10%        3d8       26%         2
 Teleport Other           Tloc           8%         N/A       26%         3
 Manifold Assault         Tloc           8%         N/A       65%         4
 Vhi's Electric Charge    Tloc/Air       10%        N/A       86%         4
 Animate Dead             Necr           1%         N/A       97%         4
 Borgnjor's Vile Clutch   Necr/Erth      0%         N/A       100%        5
 Death Channel            Necr           0%         N/A       100%        6


Dungeon Overview and Level Annotations

Branches:
Dungeon (6/15)
 Temple: D:4-7

Altars:


Innate Abilities, Weirdness & Mutations

Armour fits poorly on your strangely shaped body.
You have extremely tough skin. (AC +3)
You have a long armoured tail.
You regenerate magic when rolling toward enemies. (Rampage MPRegen)


Message History

You sock the orc priest!
The orc priest is severely wounded.
The orc priest hits you with a +0 hand axe.
You closely miss the orc priest.
The orc priest is severely wounded.
The orc priest hits you with a +0 hand axe.
You sock the orc priest!
You kill the orc priest!
Your Armour skill increases to level 3!
You closely miss the orc wizard. You tail-slap the orc wizard.
The orc wizard is heavily wounded.
The orc wizard hits you with a +0 dagger.
The orc wizard casts a spell.
The orc wizard flickers and vanishes!
Deactivating autopickup; reactivate with Ctrl-A.
You hear a shout! x2
Something unexpectedly blocks you, preventing you from rolling!
You closely miss something.
You hear a shout! x2
Something hits you but does no damage.
Something unexpectedly blocks you, preventing you from rolling!
You miss something.
You hear some strange, mumbled words.
You are confused.
You're too confused to move!
Something hits you but does no damage.
You bump into the rock wall.
You hear some strange, mumbled words.
A puff of flame appears from out of thin air!
The puff of flame hits you!
* * * LOW HITPOINT WARNING * * *
You bump into the rock wall.
You hear some strange, mumbled words.
You are more confused.
You bump into the rock wall.
You hear some strange, mumbled words.
A puff of flame appears from out of thin air!
The puff of flame hits you.
* * * LOW HITPOINT WARNING * * *
You closely miss something. Something hits you.
You die...

############
#>..........
#.########.B
#)# #.# #.#
#.# #.# #@#
#{# #l# #o#
#....l...
###......
.^...# o...#
.o<..


You could see an iguana and an orc.

Vanquished Creatures
  A bombardier beetle (D:3)
  An orc priest (D:5)
  2 adders (D:2)
  A ribbon worm (D:2)
  3 orcs
  2 endoplasms (D:2)
  3 giant cockroaches
  6 goblins
  A hobgoblin (D:1)
  4 jackals (D:1)
  3 quokkas
  6 ball pythons
  3 bats
  3 frilled lizards
  2 kobolds
  5 rats
46 creatures vanquished.

Notes
Turn   | Place    | Note
-------+----------+-------------------------------------------
     0 | D:1      | Ceno the Armataur Warper began the quest for the Orb.
     0 | D:1      | Reached XP level 1. HP: 17/17 MP: 3/3
   104 | D:1      | Reached XP level 2. HP: 12/24 MP: 4/4
   108 | D:1      | Learned a level 2 spell: Blink
   854 | D:2      | HP: 1/24 [ribbon worm (2)]
   857 | D:2      | Reached XP level 3. HP: 2/29 MP: 5/5
  1733 | D:3      | Reached XP level 4. HP: 32/37 MP: 6/6
  1875 | D:3      | You fall into a shaft and drop 3 floors!
  1877 | D:6      | Noticed an ice beast
  1889 | D:6      | Noticed an orc warrior
  1901 | D:5      | Entered Level 5 of the Dungeon
  2020 | D:5      | HP: 1/37 [something/puff of flame (5)]
  2021 | D:5      | Slain by an orc wizard

Illustrated notes

Levels and vault maps discovered:
D:1:      scummos_arrival_checkerplants, layout_basic
D:2:      layout_loops_ring, skrybe_limestone_x
D:3:      layout_rooms
D:5:      layout_loops_ring, grunt_temple_overflow_lords_of_destruction,
          mainiacjoe_overflow_six_doors_small, trog_wizard, chequers_arboretum,
          minmay_shop_enchanted_jewellery
D:6:      layout_rooms, mainiacjoe_overflow_catwalk, temple_statues,
          uniq_eustachio

Skill      XL: |  1  2  3  4 |
---------------+-------------+-----
Maces & Flails | 2 3 |  3.5
Fighting       | 2 |  2.6
Armour         | 2 3 |  3.0
Throwing       | |  0.8
Dodging        | |  1.3
Spellcasting   | |  1.7
Translocations | |  3.0

Action                     |  1- 3 |  4- 6 || total
---------------------------+-------+-------++-------
  Melee: Mace              |   132 |    15 ||   147
         Tailslap          |    11 |     4 ||    15
         Punch             |     3 |       ||     3
         Flail             |       |    16 ||    16
   Cast: Blink             |       |     2 ||     2
    Use: Scroll            |       |     1 ||     1
 Armour: Leather armour    |   118 |    25 ||   143
  Dodge: Dodged            |    59 |    18 ||    77

Table legend: (Time is in decaauts)
 A = Elapsed time spent in this place.
 B = Non-inter-level travel time spent in this place.
 C = Inter-level travel time spent in this place.
 D = Time resting spent in this place.
 E = Time spent auto-exploring this place.
 F = Levels seen in this place.
 G = Mean time per level.
                   A        B        C        D        E       F      G
               +--------+--------+--------+--------+--------+-----+--------+
         Total |   2063 |   2013 |     50 |     83 |   1255 |   5 |  412.6 |
       Dungeon |   2063 |   2013 |     50 |     83 |   1255 |   5 |  412.6 |
               +--------+--------+--------+--------+--------+-----+--------+

Top non-repeatable levels by time:
     D:2: 1010 daAuts
     D:1: 735 daAuts
     D:3: 170 daAuts
     D:5: 121 daAuts
     D:6: 26 daAuts
